 Dungeon Crawl Stone Soup version 0.25.1-2-g60ff931df9 (webtiles) character file.

Game seed: 4215572115561220619

78 Arcadio the Sneak (level 4, -15/37 HPs)
             Began as a Naga Enchanter on Nov 20, 2020.
             Killed from afar by Ijyb (16 damage)
             ... with a bolt of acid
             ... on level 3 of the Dungeon.
             The game lasted 00:14:41 (2711 turns).

Arcadio the Sneak (Naga Enchanter)                  Turns: 2711, Time: 00:14:42

Health: -15/37     AC:  3    Str: 10    XL:     4   Next: 36%
Magic:  7/7        EV: 10    Int: 16    God:
Gold:   53         SH:  0    Dex: 12    Spells: 1/7 levels left

rFire    . . .     SeeInvis +   o - +0 hand axe (freeze)
rCold    . . .     Gourm    .   (no shield)
rNeg     . . .     Faith    .   b - +0 robe
rPois    +         Spirit   .   r - +0 helmet
rElec    .         Reflect  .   (no cloak)
rCorr    .         Harm     .   (no gloves)
MR       .....                  (no barding)
Stlth    +++.......             (no amulet)
HPRegen  0.12/turn              (no ring)
MPRegen  0.10/turn              (no ring)

@: short of breath, very slightly contaminated, very slow
A: large, see invisible, deformed body, poison resistance, slowness 2, slow
metabolism 1, spit poison 1, AC +1
a: Spit Poison


You were on level 3 of the Dungeon.
You were not hungry.

You visited 1 branch of the dungeon, and saw 3 of its levels.

You collected 53 gold pieces.

Inventory:

Hand Weapons
 a - a +1 dagger
 o - a +0 hand axe of freezing (weapon)
Missiles
 j - 73 stones
 m - 14 poisoned darts
 q - 6 boomerangs (quivered)
Armour
 b - a +0 robe (worn)
 r - a +0 helmet (worn)
Wands
 t - a wand of paralysis (8)
Scrolls
 c - a scroll of fog
 e - a scroll of blinking
 i - 2 scrolls of remove curse
 s - a scroll of enchant armour {unknown}
Potions
 f - a potion of haste {unknown}
 h - a potion of cancellation
 k - 2 potions of heal wounds
 l - a potion of curing {unknown}
 n - a potion of stabbing {unknown}
 p - a potion of brilliance {unknown}
 u - a potion of resistance {unknown}
Comestibles
 d - 4 rations
 g - a chunk of flesh


   Skills:
 + Level 0.5 Fighting
 - Level 1.2 Short Blades
 * Level 0.4 Axes
 + Level 2.2 Dodging
 + Level 5.3 Stealth
 + Level 2.3 Spellcasting
 + Level 3.6 Hexes


You had one spell level left.
You knew the following spells:

 Your Spells              Type           Power        Failure   Level  Hunger
a - Corona                Hex            ##.....      4%          1    #......
b - Ensorcelled Hibernat  Hex/Ice        #.....       14%         2    ###....
c - Confusing Touch       Hex            ##......     14%         3    ###....

Your spell library contained the following spells:

 Spells                   Type           Power        Failure   Level  Hunger
 Tukima's Dance           Hex            ##......     14%         3    ###....
 Dazzling Flash           Conj/Hex       #.....       28%         3    ###....


Dungeon Overview and Level Annotations

Branches:
Dungeon (3/15)

Altars:

Annotations:
D:3 Ijyb


Innate Abilities, Weirdness & Mutations

You cannot wear boots.
Your serpentine skin is tough. (AC +1)
You have supernaturally acute eyesight. (SInv)
Armour fits poorly on your strangely shaped body.
Your system is resistant to poisons. (rPois)
You cover ground very slowly.
You have a slow metabolism.
You can spit poison.


Message History

You see here 5 gold pieces.
Press: ? - help, Shift-Dir - straight line, f - Ijyb
Aim: Ijyb, wielding a +0 dagger of venom, wearing a +0 ring mail and carrying a wand of acid (10) (wandering, hasn't noticed you) Out of range.
Okay, then.
Some of the chunks of flesh in your inventory have rotted away.
Ijyb shouts!
You hear a shout!
Press: ? - help, Shift-Dir - straight line, f - Ijyb
Aim: Ijyb, wielding a +0 dagger of venom, wearing a +0 ring mail and carrying a wand of acid (10)
The splash of poison misses Ijyb.
You feel slightly more hungry.
Ijyb zaps a wand.
The bolt of acid hits you!
* * * LOW HITPOINT WARNING * * *
You are splashed with acid!
* * * LOW HITPOINT WARNING * * *
Blink to where?
Press: ? - help, Dir - move target cursor, p - Ijyb You are very lightly contaminated with residual magic.
As you read the scroll of blinking, it crumbles to dust.
Ijyb zaps a wand.
The bolt of acid hits you!
You die...

#.....#######. #.....# ≈≈≈
#.....# ♣.≈. #[....######
..... #....>....... ....
#............♣≈P .
########.....#######≈♣♣ P≈
........###..#####.)..♣♣
≈≈≈
......).'.......@).....♣≈≈≈
........###.######.)....♣♣
####'###....# #.†.g...♣♣♣
#^...##....# #$.§.......
#....##....# #..........
#....##....# #..........
#....##....# #..........
###........## #..........
####♣≈≈♣≈≈♣ #..........


You could see Ijyb.

Vanquished Creatures
  2 adders (D:2)
  An ooze (D:1)
  A worm (D:2)
  A dart slug (D:2)
  A leopard gecko (D:2)
  2 orcs (D:3)
  A ball python (D:2)
  4 giant cockroaches
  4 goblins
  5 hobgoblins
  4 jackals (D:2)
  A quokka (D:2)
  4 bats
  A frilled lizard (D:1)
  4 kobolds
  9 rats
45 creatures vanquished.

Notes
Turn   | Place    | Note
-------+----------+-------------------------------------------
     0 | D:1      | Arcadio the Naga Enchanter began the quest for the Orb.
     0 | D:1      | Reached XP level 1. HP: 15/15 MP: 3/3
   311 | D:1      | Reached XP level 2. HP: 5/22 MP: 5/5
  1331 | D:2      | Reached XP level 3. HP: 12/28 MP: 6/6
  1595 | D:2      | Reached skill level 5 in Stealth
  1785 | D:2      | Found a faded altar of an unknown god.
  2303 | D:2      | Learned a level 2 spell: Ensorcelled Hibernation
  2307 | D:2      | Learned a level 3 spell: Confusing Touch
  2347 | D:2      | Reached XP level 4. HP: 17/36 MP: 3/7
  2667 | D:3      | Noticed Ijyb
  2709 | D:3      | HP: 1/37 [acid (9)]
  2711 | D:3      | Killed from afar by Ijyb

Illustrated notes

Levels and vault maps discovered:
D:1:      heliophobic_arrival_dark_side_of_the_moon, layout_loops_ring,
          minmay_small_reverse_x
D:2:      layout_rooms, chequers_ecumenical_altar_simple_redux, first_ration
D:3:      corexii_shack_village, layout_basic, serial_bayou,
          serial_bayou_ford_a, serial_bayou_lake_a, serial_bayou_pond_b,
          serial_bayou_pond_a, portal_sewer_entry_d, uniq_ijyb

Skill      XL: |  1  2  3 |
---------------+----------+-----
Stealth        | 5 |  5.3
Dodging        | 2 |  2.2
Fighting       | |  0.5
Short Blades   | |  1.2
Axes           | |  0.4
Spellcasting   | |  2.3
Hexes          | |  3.6

Action                   |  1- 3 |  4- 6 || total
-------------------------+-------+-------++-------
Melee: Dagger            |    96 |       ||    96
       Hand axe          |    36 |    23 ||    59
 Cast: Corona            |     5 |       ||     5
       Confusing Touch   |     2 |       ||     2
 Abil: Spit Poison       |    15 |     4 ||    19
  Use: Scroll            |     6 |     1 ||     7
 Stab: Sleeping          |     5 |       ||     5
  Eat: Chunk             |     4 |     1 ||     5
Armor: Robe              |    36 |     5 ||    41
Dodge: Dodged            |    86 |    15 ||   101
